 Dungeon Crawl Stone Soup version 0.22-a0-353-g2d6336e (webtiles) character file.

45 iamserjio the Sneak (level 3, 0/27 HPs)
             Began as a Formicid Assassin on Apr 15, 2018.
             Succumbed to an adder's poison
             ... on level 2 of the Dungeon.
             The game lasted 00:06:25 (2107 turns).

iamserjio the Sneak (Formicid Assassin)             Turns: 2107, Time: 00:06:26

Health: 0/27       AC:  3    Str: 15    XL:     3   Next: 90%
Magic:  3/3        EV: 12    Int: 15    God:
Gold:   90         SH:  0    Dex: 13    Spells: 2/2 levels left

rFire    . . .     SeeInvis +   l - +0 short sword
rCold    . . .     Gourm    .   (no shield)
rNeg     . . .     Faith    .   c - +0 robe
rPois    .         Spirit   .   (helmet unavailable)
rElec    .         Reflect  .   d - +0 cloak
rCorr    .         Harm     .   (no gloves)
MR       .....                  (no boots)
Stlth    +++.......             (no amulet)
HPRegen  0.09/turn              (no ring)
MPRegen  0.08/turn              (no ring)

@: brilliant, lethally poisoned (0 -> -11)
A: permanent stasis, dig shafts and tunnels, four strong arms, antennae 3
a: Dig, Shaft Self


You were on level 2 of the Dungeon.
You were not hungry.

You visited 1 branch of the dungeon, and saw 2 of its levels.

You collected 90 gold pieces.

Inventory:

Hand Weapons
 a - a +2 dagger
 b - a +0 blowgun
 l - a +0 short sword (weapon)
Missiles
 e - 8 poisoned needles
 f - 2 curare-tipped needles
 m - a throwing net (quivered)
Armour
 c - a +0 robe (worn)
 d - a +0 cloak (worn)
 j - a +0 ring mail
 q - a cursed +0 leather armour
 r - a +0 plate armour
Jewellery
 i - an uncursed ring of wizardry {unknown}
 n - an uncursed amulet of harm {unknown}
Scrolls
 k - 2 scrolls of identify {unknown}
 p - a scroll of noise {unknown}
Potions
 h - a potion of brilliance
Comestibles
 g - 5 rations


   Skills:
 - Level 2.1 Fighting
 - Level 2.0 Short Blades
 - Level 2.0 Throwing
 + Level 1.8 Dodging
 * Level 6.1 Stealth


You had 2 spell levels left.
You didn't know any spells.

Dungeon Overview and Level Annotations

Branches:
Dungeon (2/15)

Altars:


Innate Abilities, Weirdness & Mutations

You cannot be hasted, slowed, berserked, paralysed or teleported.
You can dig through walls and to a lower floor.
Your four strong arms can wield two-handed weapons with a shield.
You have a pair of large antennae on your head. (SInv)


Message History

The adder poisons you! The adder bites you.
* * * LOW HITPOINT WARNING * * *
You completely miss the adder.
The adder is severely wounded.
* * * LOW HITPOINT WARNING * * *
You feel sick. The adder barely misses you.
It was a potion of brilliance.
You feel clever all of a sudden.
* * * LOW HITPOINT WARNING * * *
You feel sick. The adder misses you.
Okay, then.
You hit the adder.
You kill the adder!
Your Stealth skill increases to level 6!
* * * LOW HITPOINT WARNING * * *
You feel sick.
* * * LOW HITPOINT WARNING * * *
You feel sick.
Found a pair of glowing gloves.
You die...

########## ####
.........############...
.[.......+..............
.........###............
.........###............
.......@.'.'............
.........###............
.........# #............
.........# #............
.........# #............
.........+ +.....<......
.........# #............
#+#+#+#### #............
..............


There were no monsters in sight!

Vanquished Creatures
  An adder (D:2)
  2 dart slugs (D:1)
  A leopard gecko (D:1)
  2 giant cockroaches (D:1)
  A goblin (D:1)
  4 hobgoblins (D:1)
  5 jackals (D:1)
  3 kobolds (D:1)
  3 bats (D:1)
  2 frilled lizards
  8 rats
32 creatures vanquished.

Notes
Turn   | Place    | Note
-------+----------+-------------------------------------------
     0 | D:1      | iamserjio the Formicid Assassin began the quest for the Orb.
     0 | D:1      | Reached XP level 1. HP: 16/16 MP: 1/1
    10 | D:1      | Reached skill level 1 in Dodging
    10 | D:1      | Reached skill level 5 in Stealth
   142 | D:1      | Reached XP level 2. HP: 2/22 MP: 2/2
   805 | D:1      | Reached XP level 3. HP: 27/27 MP: 3/3
   829 | D:1      | You fall through a shaft!
  2105 | D:2      | Reached skill level 6 in Stealth
  2106 | D:2      | HP: 1/27 [poisoned by an adder]
  2107 | D:2      | Succumbed to an adder's poison

Vault maps used:
D:1:      dpeg_arrival_simpleton_c, kennysheep_decorative_pillar,
          minmay_fountain_box
D:2:      kennysheep_the_goblin_king, grunt_gozag_breadcrumbs

Skill      XL: |  1  2  3 |
---------------+----------+-----
Dodging        | 1 |  1.8
Stealth        | 5 6 |  6.1
Fighting       | |  2.1
Short Blades   | |  2.0
Throwing       | |  2.0

Action                   || total
-------------------------++-------
Melee: Dagger            ||    37
       Short sword       ||    91
 Abil: Shaft Self        ||     1
  Use: Potion            ||     1
 Stab: Sleeping          ||     7
       Distracted        ||     1
  Eat: Chunk             ||     4
Armor: Robe              ||    29
Dodge: Dodged            ||    73

Table legend:
 A = Spawn XP
 B = Non-spawn XP
 C = Spawn XP percentage of total XP
 D = Spawn monster count
 E = Non-spawn monster count
 F = Spawn count percentage of total count
 G = Total turns spent on level
                    A         B        C        D         E        F      G
               +---------+---------+-------+---------+---------+-------+---------
         Total |       0 |      65 |   0.0 |       0 |      32 |   0.0 |  2107
               +---------+---------+-------+---------+---------+-------+---------
           D:1 |       0 |      50 |   0.0 |       0 |      29 |   0.0 |  1696
           D:2 |       0 |      15 |   0.0 |       0 |       3 |   0.0 |   411
               +---------+---------+-------+---------+---------+-------+---------
